AoeStats
← Simple Jack, u mad?

Oasis

507029987Analyzed
4v4 RM · 17d ago on Sep 16, 2026· 16m 49s· 8 players
Game mode
Random Map
Map size
Large (8 player)
Population
200
Speed
Normal
Resources
Standard
Victory
Conquest
Starting age
Dark Age
Ending age
Imperial Age
RankedLock teamsTeams togetherTeam positionsShared explorationLock speedFull tech treeHidden civsTurbo modeCheats
Victory
Defeat
🇨🇳 Persians · China
1735
+8
🇨🇦 Byzantines · Canada
1642
+11
🇨🇳 Malians · China
1580
+14
🇳🇿 Mapuche · New Zealand
1569
+14
🇨🇳 Inca · China
1615
-14
🇸🇪 Berbers · Sweden
1556
-13
🇭🇰 Teutons · Hong Kong SAR China
1528
-11
🇸🇮 Poles · Slovenia
1459
-9
Tatan
9:01 Feudal Age
9:32 Double-Bit Axe
9:34 Horse Collar
18:42 Castle Age
17:00 Gold Mining
Mr. Weedman
6:11 Loom
9:39 Feudal Age
10:35 Double-Bit Axe
12:48 Fletching
14:20 Horse Collar
Simple Jack, u mad?
7:58 Loom
10:36 Feudal Age
-GNG-Tenma
7:13 Loom
9:26 Feudal Age
10:05 Double-Bit Axe
mmmbokchoi
8:41 Loom
10:26 Feudal Age
12:17 Double-Bit Axe
14:38 Castle Age
14:54 Fletching
15:53 Bow Saw
张宇腾
6:05 Loom
9:14 Feudal Age
10:12 Double-Bit Axe
10:13 Horse Collar
16:06 Wheelbarrow
15:57 Scale Barding Armor
儒门大吊-日食
8:54 Feudal Age
9:35 Double-Bit Axe
10:26 Loom
12:45 Fletching
Aron
4:20 Loom
14:05 Feudal Age
Connection lost

Rejoining the realm…

Still unreachable

The connection could not be restored.

Session expired

The server has moved on; the page needs a fresh start.